 Dungeon Crawl Stone Soup version 0.24.1-14-gf8d2b509d9 (webtiles) character file.

Game seed: 10198339315091959378, levelgen mode: deterministic

281124 Hugehornet the Tortoise (level 20, -8/120 HPs)
             Began as a Gargoyle Fighter on May 17, 2020.
             Was an Initiate of Gozag.
             Mangled by an iron troll (24 damage)
             ... on level 4 of the Depths on May 18, 2020.
             The game lasted 01:54:44 (38416 turns).

Hugehornet the Tortoise (Gargoyle Fighter)         Turns: 38416, Time: 01:54:45

Health: -8/120     AC: 62    Str: 26    XL:     20   Next: 49%
Magic:  20/20      EV:  6    Int: 10    God:    Gozag
Gold:   2857       SH: 32    Dex: 19    Spells: 19/19 levels left

rFire    + + +     SeeInvis +   H - +13 lance "Wyrmbane" {slay drac, rPois rF+ rC+ AC+3}
rCold    + + +     Gourm    .   V - +8 large shield
rNeg     + . .     Faith    .   J - +9 scales of the Dragon King {rPois rF+ rC+ MR+}
rPois    ∞         Spirit   .   x - +0 helmet of Fedhas's Approval {rF+ Str-5 Dex+10}
rElec    +         Reflect  .   S - +1 cloak of Suvopror {*Slow rC+ MR+++ Regen+}
rCorr    .         Harm     .   e - +2 pair of gloves {Str+3}
MR       +++++                  b - +1 pair of boots {Fly}
Stlth    ..........             v - amulet of regeneration
HPRegen  1.10/turn              z - ring of see invisible
MPRegen  0.17/turn              B - ring of protection from cold

@: gold aura, studying Unarmed Combat
A: big wings, negative energy resistance 1, electricity resistance, unbreathing,
petrification resistance, rot immunity, AC +15
}: 2/15 runes: decaying, gossamer
a: Fly, Potion Petition, Call Merchant, Bribe Branch, Renounce Religion, Evoke
Flight


You were on level 4 of the Depths.
You worshipped Gozag.
Gozag was most pleased with you.
You were not hungry.

You visited 7 branches of the dungeon, and saw 37 of its levels.
You also visited: Ice Cave.

You collected 15939 gold pieces.
You spent 5898 gold pieces at shops.
You paid 7184 gold pieces to Gozag.

Inventory:

Hand Weapons
 H - the +13 lance "Wyrmbane" (weapon) {slay drac, rPois rF+ rC+ AC+3}
   (You bought it in a shop on level 4 of the Swamp)

   It affects your AC (+3).
   It protects you from fire.
   It protects you from cold.
   It protects you from poison.
 Q - a +9 morningstar of flaming
Armour
 b - a +1 pair of boots of flying (worn)
 e - a +2 pair of gloves of strength (worn)
 i - the +5 cloak "Fowygg" {Int+4}
   (You bought it in a shop on level 15 of the Dungeon)

   It affects your intelligence (+4).
 x - the +0 helmet of Fedhas's Approval (worn) {rF+ Str-5 Dex+10}
   (You found it on level 15 of the Dungeon)

   It affects your strength (-5).
   It affects your dexterity (+10).
   It protects you from fire.
 G - the -2 hat of the Alchemist {rElec rPois rF+ rC+ rN+ MR+ rMut rCorr}
   (You found it on level 1 of the Depths)

   It protects you from fire.
   It protects you from cold.
   It insulates you from electricity.
   It protects you from poison.
   It protects you from negative energy.
   It affects your resistance to hostile enchantments.
   It provides partial protection from all sources of acid and corrosion.
   It protects you from mutation.
 J - the +9 scales of the Dragon King (worn) {rPois rF+ rC+ MR+}
   (You bought it in a shop on level 6 of the Lair of Beasts)

   It protects you from fire.
   It protects you from cold.
   It protects you from poison.
   It affects your resistance to hostile enchantments.
 S - the +1 cloak of Suvopror (worn) {*Slow rC+ MR+++ Regen+}
   (You bought it in a shop on level 1 of the Depths)

   It protects you from cold.
   It affects your resistance to hostile enchantments.
   It increases your rate of regeneration.
   It may slow you when you take damage.
 V - a +8 large shield (worn)
Jewellery
 g - an uncursed ring of positive energy
 r - an uncursed ring of protection from cold
 v - an amulet of regeneration (around neck)
 z - a ring of see invisible (left hand)
 A - an uncursed ring of resist corrosion
 B - a ring of protection from cold (right hand)
 D - a +4 amulet of reflection
 X - the ring of Wovvocayrch {rPois MR+ Dex-5 Stlth+}
   (You found it on level 14 of the Dungeon)

   [ring of stealth]

   It affects your dexterity (-5).
   It protects you from poison.
   It affects your resistance to hostile enchantments.
   It makes you more stealthy.
Wands
 n - a wand of digging (3)
 t - a wand of iceblast (16)
 y - a wand of acid (33)
 T - a wand of disintegration (19)
Scrolls
 a - a scroll of magic mapping
 d - 10 scrolls of enchant weapon
 h - 20 scrolls of teleportation
 j - 13 scrolls of remove curse
 k - 5 scrolls of identify
 m - 3 scrolls of fog
 p - a scroll of holy word
 q - 4 scrolls of immolation
 u - a scroll of amnesia
 E - 8 scrolls of fear
 F - 2 scrolls of vulnerability
 R - a scroll of torment
 U - 2 scrolls of blinking
 Z - 3 scrolls of summoning
Potions
 c - a potion of berserk rage
 o - 4 potions of haste
 s - 12 potions of curing
 w - 2 potions of cancellation
 C - 5 potions of lignification
 I - 3 potions of invisibility
 K - a potion of agility
 L - a potion of might
 M - a potion of brilliance
 N - a potion of heal wounds
 O - 6 potions of ambrosia
 Y - 2 potions of resistance
Books
 l - a manual of Unarmed Combat
Comestibles
 f - 30 rations


   Skills:
 + Level 11.3 Fighting
   Level 6.9(13.8) Axes
 - Level 16.0(16.5) Maces & Flails
 + Level 12.1(12.7) Polearms
 * Level 20.7 Armour
 + Level 19.6 Shields


You had 19 spell levels left.
You didn't know any spells.
Your spell library contained the following spells:

 Spells                   Type           Power        Failure   Level  Hunger
 Apportation              Tloc           #.....       100%        1    ##.....
 Beastly Appendage        Tmut           #.....       100%        1    ##.....
 Confusing Touch          Hex            #.....       100%        1    ##.....
 Corona                   Hex            #......      100%        1    ##.....
 Flame Tongue             Conj/Fire      #....        100%        1    ##.....
 Magic Dart               Conj           #...         100%        1    ##.....
 Shock                    Conj/Air       #...         100%        1    ##.....
 Sting                    Conj/Pois      #...         100%        1    ##.....
 Summon Butterflies       Summ           #.......     100%        1    ##.....
 Summon Small Mammal      Summ           #...         100%        1    ##.....
 Call Imp                 Summ           #.......     100%        2    ###....
 Passwall                 Tmut/Erth      #.......     100%        2    ###....
 Poisonous Vapours        Pois/Air       #.....       100%        2    ###....
 Searing Ray              Conj           #.....       100%        2    ###....
 Slow                     Hex            #.......     100%        2    ###....
 Sticks to Snakes         Tmut           #.......     100%        2    ###....
 Swiftness                Chrm/Air       #.......     100%        2    ###....
 Call Canine Familiar     Summ           #.......     100%        3    ####...
 Confuse                  Hex            #.......     100%        3    ####...
 Dazzling Spray           Conj/Hex       #.....       100%        3    ####...
 Gell's Gravitas          Tloc           #.........   100%        3    ####...
 Inner Flame              Hex/Fire       #.......     100%        3    ####...
 Lesser Beckoning         Tloc           #.........   100%        3    ####...
 Mephitic Cloud           Conj/Pois/Air  #.......     100%        3    ####...
 Portal Projectile        Hex/Tloc       #.....       100%        3    ####...
 Spider Form              Tmut/Pois      #.........   100%        3    ####...
 Static Discharge         Conj/Air       #.......     100%        3    ####...
 Summon Guardian Golem    Hex/Summ       #.......     100%        3    ####...
 Tukima's Dance           Hex            #.......     100%        3    ####...
 Airstrike                Air            #.........   100%        4    #####..
 Cause Fear               Hex            #.........   100%        4    #####..
 Force Lance              Conj/Tloc      #.......     100%        4    #####..
 Fulminant Prism          Conj/Hex       #.........   100%        4    #####..
 Ice Form                 Ice/Tmut       #.......     100%        4    #####..
 Iskenderun's Mystic Bla  Conj           #.......     100%        4    #####..
 Leda's Liquefaction      Hex/Erth       #.........   100%        4    #####..
 Olgreb's Toxic Radiance  Pois           #.......     100%        4    #####..
 Passage of Golubria      Tloc           N/A          100%        4    #####..
 Petrify                  Tmut/Erth      #.......     100%        4    #####..
 Sticky Flame             Conj/Fire      #.......     100%        4    #####..
 Summon Ice Beast         Ice/Summ       #.......     100%        4    #####..
 Summon Lightning Spire   Summ/Air       #.......     100%        4    #####..
 Alistair's Intoxication  Tmut/Pois      #.......     100%        5    ######.
 Blade Hands              Tmut           #.........   100%        5    ######.
 Lee's Rapid Deconstruct  Erth           #.........   100%        5    ######.
 Lightning Bolt           Conj/Air       #.........   100%        5    ######.
 Metabolic Englaciation   Hex/Ice        #.........   100%        5    ######.
 Silence                  Hex/Air        #.........   100%        5    ######.
 Venom Bolt               Conj/Pois      #.........   100%        5    ######.
 Yara's Violent Unravell  Hex/Tmut       #.........   100%        5    ######.
 Bolt of Cold             Conj/Ice       #.........   100%        6    #######
 Darkness                 Hex            #.........   100%        6    #######
 Deflect Missiles         Chrm/Air       #.........   100%        6    #######
 Freezing Cloud           Conj/Ice/Air   #.........   100%        6    #######
 Invisibility             Hex            #.......     100%        6    #######
 Ozocubu's Refrigeration  Ice            #.........   100%        6    #######
 Simulacrum               Ice/Necr       #.........   100%        6    #######
 Ring of Flames           Chrm/Fire      #.........   100%        7    #######
 Discord                  Hex            #.........   100%        8    #######
 Ignition                 Fire           #.........   100%        8    #######


Dungeon Overview and Level Annotations

Branches:
Dungeon (15/15)            Temple (1/1) D:7            Lair (6/6) D:8
  Swamp (4/4) Lair:2       Spider (4/4) Lair:2        Slime (0/5) Lair:6
    Orc (2/2) D:10            Elf (0/3) Orc:2        Vaults (0/5) D:14
 Depths (5/5) D:15          IceCv (visited)
    Zot: Depths:5

Altars:
Ashenzari
Cheibriados
Dithmenos
Elyvilon
Fedhas
Gozag
Hepliaklqana
Kikubaaqudgha
Makhleb
Okawaru
Ru
Sif Muna
Trog
Uskayaw
Jiyva

Shops:
D:6 }   D:8 ?   D:9 (   D:11 :   D:15 [   Orc:1 :   Orc:2 ?}:?   Lair:1 !
Lair:5 (   Lair:6 [   Swamp:4 (   Spider:2 (   Depths:1 [

Portals:
Hell: Depths:1 Depths:2 Depths:4
Pandemonium: Depths:2

Annotations:
Depths:3 Atuemo's ghost, veteran MiBe


Innate Abilities, Weirdness & Mutations

You are resistant to torment.
Your stone body is resilient. (AC +15)
You are immune to poison.
Your large and strong wings let you fly indefinitely.
You resist negative energy. (rN+)
You are resistant to electric shocks. (rElec)
You can survive without breathing.
You are immune to petrification.
You are immune to rotting.


Message History

You puncture the iron troll!
The iron troll is heavily wounded.
You block the iron troll's attack. The iron troll claws you!
* * * LOW HITPOINT WARNING * * *
You block the iron troll's attack.
You hit the iron troll.
The iron troll is heavily wounded.
You barely miss the iron troll.
The iron troll is heavily wounded.
The iron troll bites you!!
* * * LOW HITPOINT WARNING * * *
You block the iron troll's attack. x3
The iron troll claws you but does no damage. x2
You puncture the iron troll!
The iron troll is severely wounded.
You hit the iron troll but do no damage.
The iron troll is severely wounded.
The iron troll bites you!!
You die...
Your body crumbles into a pile of gold.

$ ......... ...$..... .........
......... ......... ..# #........
....# #+# ..........
......######.########........(..(
#........#......@.........($.....
#.............TTT.........(......
#...........#######.......$......
...........## .............
........$$## ............
.........<## ...........
...........# ..........
........#....# ........
......####.T.∩..


You could see 3 iron trolls.

Vanquished Creatures
  Bai Suzhen (Swamp:4)
  A caustic shrike (Depths:2)
  A golden dragon (Depths:2)
  A titan (Depths:2)
  Agnes (Spider:4)
  A tengu reaver (Depths:2)
  A shadow dragon (Depths:2)
  2 sphinxes
  3 thorn hunters
  Donald (Spider:2)
  A ghost moth (Spider:4)
  7 fire giants
  Aizul (Spider:1)
  3 frost giants
  7 emperor scorpions (Spider:4)
  An orc warlord (Orc:2)
  8 very ugly things
  5 stone giants
  Azrael (Orc:2)
  2 vampire knights
  4 entropy weavers
  3 spark wasps
  An ettin (Depths:1)
  4 fire dragons
  Josephine (D:15)
  4 great orbs of eyes
  2 yaktaur captains
  A vault guard (D:14)
  4 spriggan air magi
  2 ice dragons
  25 hydras
  The ghost of 15bullets the Basher, a novice TrMo of the Shining One (D:10)
  2 rakshasas
  3 catoblepae (Lair:6)
  7 ogre magi
  2 death knights (D:14)
  5 centaur warriors
  A shambling mangrove (Swamp:4)
  12 alligators
  32 two-headed ogres
  3 tengu warriors
  A deep troll earth mage (Depths:4)
  6 death yaks (Lair:6)
  5 spriggan berserkers
  3 deep troll shamans
  Nergalle (D:12)
  4 iron trolls
  A salamander mystic (Depths:1)
  2 deep trolls (Depths:2)
  A skeletal warrior (D:14)
  2 spriggan druids (Swamp:4)
  A swamp dragon (shapeshifter) (Depths:3)
  8 swamp dragons
  A spark wasp zombie (Depths:2)
  A glowing orange brain (Depths:2)
  2 phantasmal warriors (D:14)
  4 necromancers
  2 wolf spider zombies
  2 wizards
  3 deep elf magi
  5 manticores
  16 orb spiders
  2 sphinx zombies (Depths:2)
  15 ugly things
  A shadow dragon skeleton (Depths:1)
  14 wolf spiders
  4 cyclopes
  A faun (shapeshifter) (Depths:4)
  2 orc sorcerers
  A fire giant zombie (Depths:1)
  6 elephants (Lair:5)
  2 salamanders (Depths:1)
  A spectral centaur (D:10)
  2 moths of wrath
  A spriggan zombie (Depths:1)
  3 torpor snails
  An ice statue (IceCv)
  2 black mambas (Lair:6)
  5 spectral swamp worms (Depths:1)
  23 spiny frogs
  4 centaur skeletons
  2 hellwings (D:7)
  4 komodo dragons
  A kobold demonologist (D:13)
  3 efreet (Depths:1)
  2 demonic crawlers
  2 rime drakes
  A redback zombie (D:7)
  6 yaktaurs
  A spriggan skeleton (Depths:1)
  3 tengu conjurers
  12 trolls
  A merfolk (D:10)
  8 tyrant leeches
  3 meliai (D:13)
  16 polar bears (IceCv)
  15 hornets
  26 jumping spiders
  7 hippogriffs
  Prince Ribbit (D:8)
  26 slime creatures
  7 blink frogs
  5 dream sheep (Lair:5)
  5 bog bodies
  A fire giant simulacrum (Depths:2)
  108 redbacks
  11 humans (D:14)
  8 spriggans
  9 wraiths
  82 yaks
  Sigmund (D:3)
  4 shadows
  2 vampires
  32 tarantellas
  4 water elementals (D:15)
  9 wyverns
  3 basilisks
  6 fire bats
  6 fire elementals
  3 hungry ghosts
  17 vampire mosquitoes
  13 swamp worms
  2 wargs
  14 insubstantial wisps
  An acid dragon (D:12)
  4 hell hounds
  6 porcupines
  A floating eye (Depths:2)
  12 water moccasins
  7 sky beasts
  15 swamp drakes
  6 ice beasts
  16 orc warriors
  3 black bears
  3 eyes of draining
  3 ettin simulacra (Depths:1)
  2 phantoms
  3 hornet zombies
  9 centaurs
  35 ogres
  9 wolves (IceCv)
  A deep troll simulacrum (Depths:1)
  A necrophage (D:11)
  13 crocodiles
  A spectral wyvern (D:10)
  4 big kobolds
  18 bullfrogs
  A wyvern zombie (D:11)
  A water moccasin zombie (D:6)
  A wyvern skeleton (D:10)
  4 scorpions
  9 killer bees
  3 wights (D:7)
  5 electric eels
  8 crimson imps
  3 lava snakes
  3 bullfrog zombies
  6 hounds
  8 centaur zombies
  A wyvern simulacrum (D:14)
  2 jellies
  A quasit (D:12)
  Crazy Yiuf (D:4)
  25 orc priests
  11 orc wizards
  10 worker ants
  2 bullfrog simulacra (D:10)
  A hound skeleton (D:9)
  3 worker ant zombies
  15 adders
  5 shadow imps
  13 white imps
  An ooze (D:2)
  2 adder skeletons
  An adder zombie (D:6)
  5 worms
  2 dart slugs (D:2)
  9 leopard geckos
  61 orcs
  5 giant cockroaches
  5 goblins
  9 hobgoblins
  12 jackals
  6 quokkas
  2 ball pythons
  5 bats
  5 frilled lizards
  24 kobolds
  A quokka skeleton (D:7)
  3 rats
  3 briar patches (Swamp:2)
  3 fire vortices (D:11)
  A fungus (Lair:6)
1301 creatures vanquished.

Vanquished Creatures (others)
  A frost giant (IceCv)
  A yaktaur captain (Depths:4)
  A spriggan druid (Swamp:4)
  A necromancer (Depths:1)
  An ugly thing (Swamp:2)
  A komodo dragon (D:8)
  2 yaktaurs (Depths:4)
  A polar bear (IceCv)
  A hornet (Swamp:3)
  A wyvern (D:8)
  A yak (IceCv)
  A swamp drake (D:8)
  5 wolves (IceCv)
  A centaur (Depths:4)
  2 orc wizards (Orc:2)
  5 orcs (Orc:2)
  A goblin (D:2)
  A briar patch (Swamp:2)
  4 fungi
  13 plants
45 creatures vanquished.

Grand Total: 1346 creatures vanquished

Notes
Turn   | Place    | Note
-------+----------+-------------------------------------------
     0 | D:1      | Hugehornet the Gargoyle Fighter began the quest for the
                  | Orb.
     0 | D:1      | Reached XP level 1. HP: 14/14 MP: 1/1
   143 | D:1      | Reached XP level 2. HP: 19/19 MP: 2/2
   636 | D:2      | Reached XP level 3. HP: 17/23 MP: 3/3
  1304 | D:2      | Reached XP level 4. HP: 24/28 MP: 4/4
  1811 | D:2      | Found a shimmering blue altar of Sif Muna.
  1954 | D:2      | Found a faded altar of an unknown god.
  2552 | D:3      | Reached skill level 5 in Maces & Flails
  2702 | D:3      | Reached XP level 5. HP: 32/32 MP: 5/5
  2781 | D:3      | Noticed Sigmund
  2788 | D:3      | Killed Sigmund
  2788 | D:3      | Reached XP level 6. HP: 37/37 MP: 6/6
  3061 | D:4      | Noticed a phantom
  3075 | D:4      | Killed a phantom
  3470 | D:4      | Found a runed translucent door.
  3471 | D:4      | Noticed Crazy Yiuf
  3689 | D:4      | Reached XP level 7. HP: 39/41 MP: 7/7
  4031 | D:4      | Killed Crazy Yiuf
  4135 | D:5      | Entered Level 5 of the Dungeon
  4427 | D:5      | Reached XP level 8. HP: 46/46 MP: 8/8
  4571 | D:5      | Reached skill level 10 in Maces & Flails
  5218 | D:6      | Reached XP level 9. HP: 50/51 MP: 9/9
  5390 | D:6      | Found Lamann's Gadget Shoppe.
  5780 | D:7      | Noticed a hellwing
  5781 | D:7      | Noticed a hellwing
  5835 | D:7      | Killed a hellwing
  5838 | D:7      | Killed a hellwing
  5838 | D:7      | Reached XP level 10. HP: 56/56 MP: 10/10
  5913 | D:7      | Reached skill level 4 in Armour
  5979 | D:7      | Reached skill level 5 in Armour
  5979 | D:7      | Reached skill level 5 in Shields
  6123 | D:7      | Found a sacrificial altar of Ru.
  6260 | D:7      | Found a staircase to the Ecumenical Temple.
  6268 | Temple   | Entered the Ecumenical Temple
  6275 | Temple   | Became a worshipper of Gozag Ym Sagoz the Greedy
  6394 | D:8      | Noticed Prince Ribbit
  6479 | D:8      | Reached skill level 6 in Armour
  6681 | D:8      | Found Xelysaji's Magic Scroll Shoppe.
  6699 | D:8      | Bought a scroll of teleportation for 36 gold pieces
  6699 | D:8      | Bought a scroll of identify for 24 gold pieces
  6699 | D:8      | Bought a scroll of remove curse for 36 gold pieces
  6699 | D:8      | Bought a scroll of identify for 24 gold pieces
  6699 | D:8      | Bought a scroll of amnesia for 42 gold pieces
  6699 | D:8      | Bought 3 scrolls of identify for 72 gold pieces
  6699 | D:8      | Bought a scroll of fog for 24 gold pieces
  6897 | D:8      | Reached XP level 11. HP: 53/60 MP: 11/11
  6946 | D:8      | Killed Prince Ribbit
  7007 | D:8      | Reached skill level 7 in Armour
  7065 | D:8      | Found a staircase to the Lair.
  7728 | D:9      | Found Plog's Antique Weapon Shop.
  8274 | Lair:1   | Entered Level 1 of the Lair of Beasts
  8420 | Lair:1   | Found a frozen archway.
  8472 | IceCv    | Entered an ice cave
  8485 | IceCv    | Reached skill level 8 in Armour
  8972 | IceCv    | Reached skill level 15 in Maces & Flails
  9031 | IceCv    | Reached XP level 12. HP: 64/64 MP: 12/12
  9087 | IceCv    | Reached skill level 9 in Armour
  9494 | IceCv    | Noticed a frost giant
  9816 | IceCv    | Killed a frost giant
 10192 | Lair:1   | Bought a potion of curing for 39 gold pieces
 10192 | Lair:1   | Bought a potion of agility for 52 gold pieces
 10192 | Lair:1   | Bought a potion of might for 52 gold pieces
 10192 | Lair:1   | Bought a potion of curing for 39 gold pieces
 10192 | Lair:1   | Bought a potion of haste for 130 gold pieces
 10192 | Lair:1   | Bought a potion of flight for 39 gold pieces
 11162 | Lair:2   | Reached skill level 10 in Shields
 11184 | Lair:2   | Reached skill level 10 in Armour
 11256 | Lair:2   | Found a staircase to the Swamp.
 11746 | Lair:2   | Found a hole to the Spider Nest.
 11755 | Lair:2   | Reached XP level 13. HP: 61/68 MP: 13/13
 12258 | Lair:3   | Reached skill level 11 in Armour
 12363 | Lair:3   | Got a pair of warped gloves
 12374 | Lair:3   | Identified the -2 pair of gloves "Arru" {-Cast rCorr SInv
                  | Stlth+} (You found it on level 3 of the Lair of Beasts)
 14511 | Lair:5   | Reached skill level 12 in Armour
 14533 | Lair:5   | Reached skill level 5 in Fighting
 15205 | Lair:5   | Bought a glowing broad axe for 259 gold pieces
 15233 | Lair:6   | Entered Level 6 of the Lair of Beasts
 15244 | Lair:6   | Reached skill level 1 in Axes
 15458 | Lair:6   | Found a viscous altar of Jiyva.
 15458 | Lair:6   | Found a staircase to the Slime Pits.
 15500 | Lair:6   | Gained mutation: Your large and strong wings let you fly
                  | indefinitely. [Gargoyle growth]
 15500 | Lair:6   | Reached XP level 14. HP: 59/78 MP: 14/14
 16183 | Lair:6   | Reached skill level 5 in Axes
 17187 | D:10     | Entered Level 10 of the Dungeon
 17279 | D:10     | Found a staircase to the Orcish Mines.
 17766 | D:10     | Found a runed translucent gate.
 17772 | D:10     | Found a runed translucent gate.
 17772 | D:10     | Found a runed translucent gate.
 17802 | D:10     | Noticed 15bullets's ghost (novice TrMo)
 18007 | D:10     | Killed 15bullets's ghost
 18529 | D:11     | Reached skill level 13 in Armour
 18820 | D:11     | Found Amaq's Book Emporium.
 19069 | Lair:6   | Bought the +9 scales of the Dragon King {rPois rF+ rC+ MR+}
                  | for 1497 gold pieces
 19069 | Lair:6   | Found the +9 scales of the Dragon King {rPois rF+ rC+ MR+}
 19674 | D:12     | Noticed Nergalle
 19684 | D:12     | Killed Nergalle
 19750 | D:12     | Reached XP level 15. HP: 85/85 MP: 15/15
 19934 | D:13     | Found a hazy altar of Hepliaklqana.
 20887 | D:14     | Reached skill level 14 in Armour
 20902 | D:14     | Reached skill level 15 in Shields
 21277 | D:14     | Got a bound iron ring
 21352 | D:14     | Found a gate to the Vaults.
 21536 | D:15     | Entered Level 15 of the Dungeon
 21875 | D:15     | Got a faintly glowing helmet
 21886 | D:15     | Identified the cursed +0 helmet of Fedhas's Approval {rF+
                  | Str-5 Dex+10} (You found it on level 15 of the Dungeon)
 21889 | D:15     | Identified the ring of Wovvocayrch {rPois MR+ Dex-5 Stlth+}
                  | (You found it on level 14 of the Dungeon)
 21952 | D:15     | Noticed Josephine
 21965 | D:15     | Killed Josephine
 22216 | D:15     | Reached skill level 15 in Armour
 22223 | D:15     | Found a staircase to the Depths.
 22550 | Spider:1 | Entered Level 1 of the Spider Nest
 22563 | Spider:1 | Noticed Aizul
 22587 | Spider:1 | Killed Aizul
 22723 | Spider:1 | Reached XP level 16. HP: 96/96 MP: 16/16
 24224 | Spider:2 | Noticed Donald
 24258 | Spider:2 | Killed Donald
 24258 | Spider:2 | Reached skill level 16 in Armour
 24283 | Spider:2 | Reached skill level 10 in Fighting
 25341 | Spider:3 | Reached skill level 17 in Armour
 26020 | D:15     | Bought the +5 cloak "Fowygg" {Int+4} for 763 gold pieces
 26310 | Spider:4 | Entered Level 4 of the Spider Nest
 26509 | Spider:4 | Reached XP level 17. HP: 95/102 MP: 17/17
 26655 | Spider:4 | Noticed Agnes
 26666 | Spider:4 | Killed Agnes
 27174 | Spider:4 | Reached skill level 18 in Armour
 27415 | Spider:4 | Got a gossamer rune of Zot
 27514 | Spider:2 | Bought a polished morningstar for 234 gold pieces
 27514 | Spider:2 | Identified the cursed +0 morningstar of Misery {protect,
                  | rC+} (You bought it in a shop on level 2 of the Spider
                  | Nest)
 27612 | Swamp:1  | Entered Level 1 of the Swamp
 30051 | Swamp:4  | Entered Level 4 of the Swamp
 30058 | Swamp:4  | Reached XP level 18. HP: 100/107 MP: 18/18
 30341 | Swamp:4  | Noticed Bai Suzhen
 30360 | Swamp:4  | Killed Bai Suzhen
 30360 | Swamp:4  | Reached skill level 19 in Armour
 30503 | Swamp:4  | Identified the Catalogue of the Arsonist
 30887 | Swamp:4  | Got a decaying rune of Zot
 31436 | Depths:1 | Entered Level 1 of the Depths
 31440 | Depths:1 | Found the -2 hat of the Alchemist {rElec rPois rF+ rC+ rN+
                  | MR+ rMut rCorr}
 31492 | Depths:1 | Reached skill level 1 in Polearms
 31696 | Orc:1    | Entered Level 1 of the Orcish Mines
 31718 | Orc:1    | Found Nefreefa's Book Boutique.
 32386 | Swamp:4  | Bought the +8 lance "Wyrmbane" {slay drac, rPois rF+ rC+
                  | AC+3} for 1696 gold pieces
 32386 | Swamp:4  | Found the +8 lance "Wyrmbane" {slay drac, rPois rF+ rC+
                  | AC+3}
 33078 | Orc:1    | Found a burning altar of Makhleb.
 33247 | Orc:2    | Entered Level 2 of the Orcish Mines
 33306 | Orc:2    | Noticed Azrael
 33361 | Orc:2    | Reached skill level 5 in Polearms
 33377 | Orc:2    | Killed Azrael
 33542 | Orc:2    | Reached XP level 19. HP: 78/112 MP: 19/19
 33858 | Orc:2    | Found Kiocwan's Magic Scroll Boutique.
 33859 | Orc:2    | Found Umnou's Book Shoppe.
 33859 | Orc:2    | Found Vacviuqu's Magic Scroll Shop.
 33859 | Orc:2    | Found Loomoh's Gadget Shoppe.
 33867 | Orc:2    | Bought a scroll of teleportation for 48 gold pieces
 33867 | Orc:2    | Bought a scroll of holy word for 120 gold pieces
 33877 | Orc:2    | Bought a scroll of identify for 26 gold pieces
 33877 | Orc:2    | Bought a scroll of identify for 26 gold pieces
 33877 | Orc:2    | Bought a scroll of teleportation for 39 gold pieces
 33877 | Orc:2    | Bought a scroll of identify for 26 gold pieces
 33922 | Orc:2    | Found a staircase to the Elven Halls.
 34374 | Depths:1 | Paralysed by a great orb of eyes for 7 turns
 34889 | Depths:1 | Found a gateway to Hell.
 35216 | Depths:1 | Found a gateway to a ziggurat.
 35289 | Depths:1 | Reached skill level 10 in Polearms
 35537 | Depths:2 | Noticed a golden dragon
 35915 | Depths:1 | Bought an ichor-stained cloak for 199 gold pieces
 35915 | Depths:1 | Bought a pair of runed boots for 157 gold pieces
 35915 | Depths:1 | Bought a heavily runed cloak for 199 gold pieces
 35938 | Depths:1 | Identified the +0 cloak of Undesirable Species {rElec rF+
                  | Str-2} (You bought it in a shop on level 1 of the Depths)
 35948 | Depths:1 | Identified the +1 cloak of Suvopror {*Slow rC+ MR+++
                  | Regen+} (You bought it in a shop on level 1 of the Depths)
 36181 | Depths:2 | Identified a scroll of acquirement
 36940 | Depths:2 | Killed a golden dragon
 36940 | Depths:2 | Reached skill level 20 in Armour
 37259 | Depths:2 | Reached XP level 20. HP: 118/118 MP: 20/20
 37356 | Depths:2 | Found a one-way gate leading to the halls of Pandemonium.
 37374 | Depths:2 | Identified the +9 trident "Usaykkups" {flame, rElec rN+
                  | Str+2 Dex-5}
 37376 | Depths:2 | Noticed a caustic shrike
 37390 | Depths:2 | Paralysed by a floating eye for 2 turns
 37430 | Depths:2 | Killed a caustic shrike
 37914 | Depths:3 | You fall into a shaft and drop 2 floors!
 37914 | Depths:5 | Entered Level 5 of the Depths
 37967 | Depths:5 | Noticed a golden dragon
 38319 | Depths:3 | Noticed a golden dragon
 38321 | Depths:3 | Noticed Atuemo's ghost (veteran MiBe)
 38416 | Depths:4 | Mangled by an iron troll

Levels and vault maps discovered:
D:1:      dpeg_arrival_chase, layout_basic
D:2:      layout_basic, led_sif_pool, chequers_ecumenical_altar_grove,
          hangedman_decor_clover_reticule, lemuel_flame_loot_1
D:3:      layout_loops_ring, uniq_sigmund
D:4:      layout_loops_ring, minmay_fire_ice_demons, uniq_crazy_yiuf_cottage
D:5:      kennysheep_big_flooded_room, layout_rooms, first_ration
D:6:      layout_loops_cross, serial_shops, shop
D:7:      cheibrodos_grave_circle, layout_basic,
          minmay_temple_entry_drinking_statues, nicolae_ru_awakened_eye
D:8:      layout_basic, erik_lair_dragon, serial_shops, shop,
          uniq_prince_ribbit1
D:9:      layout_long_grid, serial_co_window_serial, co_window_paths_a,
          co_window_cross_1, co_window_paths_b, co_window_paths_a,
          co_window_paths_a, co_window_cross_2, co_window_of_opportunity_b,
          co_window_unsneaky_path_e, co_window_unsneaky_path_a,
          co_window_paths_c, co_window_sun, co_window_paths_e, glass_columns_a,
          glass_columns_c, glass_columns_a, serial_shops, shop_statue
D:10:     minmay_evil_eye, layout_irregular_city, gammafunk_ghost_necromancy,
          hangedman_fish_farm
D:11:     layout_loops_cross, serial_shops, shop, hangedman_incinerator
D:12:     layout_rooms, uniq_nergalle
D:13:     layout_roguey, basic_altar, minivault_16
D:14:     layout_rooms, ximxim_vaults_locker_room, serial_park_square3
          [serial_park_minivault_5x5_2]
D:15:     grunt_enter_depths_snipers, layout_basic, serial_bayou_shore_b,
          uniq_josephine
Temple:   compressed_dpeg_triangle_lava_temple
Lair:1:   layout_gridlike, portal_ice_cave_entry_imps, st_stairs_11,
          grunt_megastairs_2
Lair:2:   layout_cave_pods, minmay_swamp_entry_swarm, spider_nest_entry_webs
Lair:3:   layout_cave_pods
Lair:4:   layout_hall_layers
Lair:5:   layout_loops_ring, beast_lair_carwin_1
Lair:6:   evilmike_catoblepas_cave, layout_cave_pods, slime_altar_1
Swamp:1:  layout_basic_swamp, evilmike_swamp_ruin_house_6,
          infiniplex_staircase_pool_2
Swamp:2:  layout_falls_marsh, hangedman_swamp_ruin_wall
Swamp:3:  layout_basic_swamp, nicolae_swamp_round_clearing
Swamp:4:  swamp, layout_basic_swamp, uniq_bai_suzhen
Spider:1: layout_chambers, uniq_aizul
Spider:2: layout_spider_delve, drop_trap, uniq_donald
Spider:3: layout_spider_delve
Spider:4: grunt_spider_rune_circles, guppyfry_hornet_nest, uniq_agnes
Orc:1:    minmay_goldmine, layout_caves, serial_shops, nicolae_shop_stone,
          nicolae_orc_bridge_out, bloody_makhleb
Orc:2:    st_orc_ogre_mass, layout_caves, uniq_azrael
Depths:1: hangedman_elemental_death_ray, layout_long_grid, enter_ziggurat_d,
          chequers_serial_rivers_large_a, pf_hell_entry_tar_river,
          chequers_decorated_corner, minmay_misc_feat_four_crosses,
          kennysheep_generic_room_16
Depths:2: minmay_the_grid_four_pointed_star
          [minmay_the_grid_triangle_9x9_semitri,
          minmay_the_grid_triangle_9x9_cache,
          minmay_the_grid_triangle_9x9_zippers_horizontal,
          minmay_the_grid_triangle_9x9_pentomino_pain,
          minmay_the_grid_prize_four_corners], layout_gridville, hell_entry,
          pan_entry, minmay_checkered_concentric_circles
Depths:3: hangedman_arch_fort, layout_honeycomb, rand_demon_pan_entry_5,
          ashenzari_altar_1, gammafunk_ghost_split, hell_entry,
          hangedman_stitches_earthworm, minmay_staircase_statues,
          uniq_enchantress
Depths:4: kennysheep_ambush_hall, layout_cave_shapes,
          nicolae_abyss_entry_one_way_or_another, hell_entry,
          minmay_misc_feat_cross, hex_tiny, serial_bayou_shore_b, uniq_xtahua,
          uniq_mara
Depths:5: evilmike_zot_entry_diamond, layout_cave_shapes,
          pf_hell_entry_great_geh, minmay_shop_grove

Skill      XL: |  1  2  3  4  5  6  7  8  9 10 11 12 13 14 15 16 17 18 19 20 |
---------------+-------------------------------------------------------------+-----
Maces & Flails | 3 4 5 6 7 9 11 13 14 15 16 | 16.0
Armour         | 6 8 10 12 13 15 17 18 19 20 | 20.7
Shields        | 6 8 10 12 14 15 16 18 19 | 19.6
Fighting       | 5 6 9 10 11 | 11.3
Axes           | 3 6 |  6.9
Polearms       | 7 11 12 | 12.1

Action                   |  1- 3 |  4- 6 |  7- 9 | 10-12 | 13-15 | 16-18 | 19-21 || total
-------------------------+-------+-------+-------+-------+-------+-------+-------++-------
Melee: Flail             |   112 |   213 |   387 |   396 |       |       |       ||  1108
       Morningstar       |       |       |       |   772 |  1428 |  1885 |    43 ||  4128
       Broad axe         |       |       |       |       |   156 |       |       ||   156
       Lance             |       |       |       |       |       |       |  1590 ||  1590
Invok: Potion Petition   |       |       |       |     2 |       |       |       ||     2
       Call Merchant     |       |       |       |     1 |     3 |     2 |     1 ||     7
 Abil: Fly               |       |       |       |       |     1 |       |       ||     1
       Stop Flying       |       |       |       |       |       |       |     2 ||     2
Evoke: Wand              |       |       |       |       |       |     2 |       ||     2
  Use: Scroll            |       |     3 |     3 |     8 |    10 |     8 |    12 ||    44
       Potion            |       |     1 |     3 |     5 |     4 |     3 |     3 ||    19
 Stab: Distracted        |       |       |       |     7 |    10 |    21 |    13 ||    51
       Confused          |       |       |       |     1 |       |     1 |     2 ||     4
  Eat: Chunk             |     1 |     8 |     6 |       |     2 |       |       ||    17
       Ration            |       |       |     1 |     6 |    11 |    11 |     5 ||    34
Armor: Scale mail        |    89 |   111 |   107 |       |       |       |       ||   307
       Chain mail        |       |       |   108 |    87 |       |       |       ||   195
       Plate armour      |       |       |       |   581 |   566 |       |       ||  1147
       Gold dragon scale |       |       |       |       |   295 |  1239 |   479 ||  2013
Dodge: Dodged            |    58 |    40 |    72 |   227 |   276 |   269 |    80 ||  1022
Block: Shield            |    86 |   103 |   148 |   559 |   867 |       |       ||  1763
       Large shield      |       |       |       |       |   122 |  2055 |  1028 ||  3205
       Reflection        |       |       |       |       |       |       |    23 ||    23
